 Dungeon Crawl Stone Soup version 0.20.1-1-g8b1a95d (webtiles) character file.

81 froobite the Slasher (level 4, -1/41 HPs)
             Began as a Minotaur Berserker on July 31, 2017.
             Was a Believer of Trog.
             Slain by Sigmund
             ... wielding a +0 scythe
              (5 damage)
             ... on level 2 of the Dungeon.
             The game lasted 00:10:39 (1108 turns).

froobite the Slasher (Minotaur Berserker)           Turns: 1108, Time: 00:10:40

Health: -1/41      AC:  5    Str: 21    XL:     4   Next: 20%
Magic:  3/3        EV: 12    Int:  8    God:    Trog [**....]
Gold:   98         SH:  0    Dex: 11    Spells: 3/3 levels left

rFire    . . .     SeeInvis .   a - +0 falchion
rCold    . . .     Gourm    .   (no shield)
rNeg     . . .     Faith    .   e - +0 ring mail
rPois    .         Spirit   .   (helmet restricted)
rElec    .         Reflect  .   (no cloak)
rCorr    .         Harm     .   (no gloves)
MR       .....                  (no boots)
Stlth    +.........             (no amulet)
Regen    0.2/turn               l - +4 ring of intelligence
MPRegen  0.1/turn               (no ring)

@: hasted, very quick
A: retaliatory headbutt, horns 2
a: Berserk, Trog's Hand, Burn Spellbooks, Renounce Religion


You were on level 2 of the Dungeon.
You worshipped Trog.
Trog was pleased with you.
You were not hungry.

You visited 1 branch of the dungeon, and saw 2 of its levels.

You collected 98 gold pieces.

Inventory:

Hand Weapons
 a - a +0 falchion (weapon)
Armour
 b - a +0 animal skin
 d - a +0 robe
 e - a +0 ring mail (worn)
 m - a +0 leather armour
Jewellery
 l - a +4 ring of intelligence (left hand)
Scrolls
 i - a scroll of recharging
 n - a scroll of teleportation {unknown}
Potions
 g - a potion of might
 h - 2 potions of degeneration
Comestibles
 c - 3 chunks of flesh
 k - a fruit


   Skills:
 + Level 4.3 Fighting
 + Level 4.6 Long Blades
 + Level 2.9 Armour
 + Level 2.9 Dodging
 + Level 0.5 Stealth


You had 3 spell levels left.
You didn't know any spells.

Dungeon Overview and Level Annotations

Branches:
Dungeon (2/15)

Altars:

Annotations:
D:2 Sigmund


Innate Abilities, Weirdness & Mutations

You reflexively headbutt those who attack you in melee.
You have a pair of horns on your head.


Message History

You bump into the rock wall.
You're too confused to move!
You feel less confused. Something hits you but does no damage.
You hit something.
You hear some strange, mumbled words.
A magic dart appears from out of thin air!
The magic dart hits you!
You hear some strange, mumbled words.
Something tries to affect you, but you resist.
Something hits you. Something hits you.
* * * LOW HITPOINT WARNING * * *
A magic dart appears from out of thin air!
The magic dart hits you!
* * * LOW HITPOINT WARNING * * *
As you read the scroll of identify, it crumbles to dust.
j - a potion of haste You feel yourself speed up.
Something hits you.
You die...

#.# #.. #.#
..# #.# .# #.#
..# #.# #..#
#.# .....
#.#####.....
#...........
###.@.#.....
#...# ...
#.{.# #
######...#####
.............#
##.###...###.#
#.<.# #.#
.....# #.#
###...# #.#


There were no monsters in sight!

Vanquished Creatures
  2 adders (D:2)
  2 oozes (D:1)
  2 worms (D:2)
  3 dart slugs (D:1)
  3 leopard geckos (D:1)
  4 bats
  A giant cockroach (D:1)
  3 goblins
  4 hobgoblins
  4 jackals (D:1)
  6 kobolds
  A ball python (D:2)
  2 frilled lizards (D:2)
  4 rats (D:1)
41 creatures vanquished.

Notes
Turn   | Place    | Note
-------+----------+-------------------------------------------
     0 | D:1      | froobite the Minotaur Berserker began the quest for the Orb.
     0 | D:1      | Reached XP level 1. HP: 19/19 MP: 0/0
   133 | D:1      | Reached XP level 2. HP: 17/27 MP: 1/1
   355 | D:1      | Reached XP level 3. HP: 15/33 MP: 2/2
   530 | D:1      | Reached ** piety under Trog
   948 | D:2      | Reached XP level 4. HP: 33/40 MP: 3/3
  1080 | D:2      | Noticed Sigmund
  1108 | D:2      | Slain by Sigmund

Skill      XL: |  1  2 |
---------------+-------+-----
Fighting       | 4 |  4.3
Long Blades    | 4 |  4.6
Armour         | |  2.9
Dodging        | |  2.9
Stealth        | |  0.5

Action                   |  1- 3 |  4- 6 || total
-------------------------+-------+-------++-------
Melee: Falchion          |    60 |     5 ||    65
       Headbutt          |    17 |     1 ||    18
Invok: Berserk           |     2 |       ||     2
       Trog's Hand       |     1 |       ||     1
  Use: Scroll            |     5 |     2 ||     7
       Potion            |       |     1 ||     1
  Eat: Bread ration      |     1 |       ||     1
Armor: Animal skin       |     2 |       ||     2
       Ring mail         |    15 |     3 ||    18
Dodge: Dodged            |    56 |     4 ||    60
       Rpst.: Falchion   |    12 |       ||    12
